 Dungeon Crawl Stone Soup version 0.21.1-1-g345015f (webtiles) character file.

720 sking99 the Basher (level 7, 0/36 HPs)
             Began as a Gargoyle Fighter on June 22, 2018.
             Was a Believer of Ru.
             Slain by an ogre
             ... wielding a +0 giant spiked club
              (24 damage)
             ... on level 5 of the Dungeon.
             The game lasted 00:09:34 (3718 turns).

sking99 the Basher (Gargoyle Fighter)               Turns: 3718, Time: 00:09:35

Health: 0/36       AC: 12    Str: 20    XL:     7   Next: 70%
Magic:  7/7        EV:  7    Int:  8    God:    Ru [**....]
Gold:   290        SH: 10    Dex: 11    Spells: 6/6 levels left

rFire    . . .     SeeInvis .   a - +0 flail
rCold    . . .     Gourm    .   c - +1 shield
rNeg     + . .     Faith    .   b - +0 scale mail
rPois    ∞         Spirit   .   m - +0 helmet
rElec    +         Reflect  .   (no cloak)
rCorr    .         Harm     .   (no gloves)
MR       .....                  (no boots)
Stlth    ..........             (no amulet)
HPRegen  0.12/turn              (no ring)
MPRegen  0.10/turn              (no ring)

@: no status effects
A: frail 1, negative energy resistance 1, electricity resistance, unbreathing,
petrification resistance, rot immunity, AC +4
a: Renounce Religion


You were on level 5 of the Dungeon.
You worshipped Ru.
Ru was pleased with you.
You were not hungry.

You visited 1 branch of the dungeon, and saw 5 of its levels.

You collected 290 gold pieces.

Inventory:

Hand Weapons
 a - a +0 flail (weapon)
Armour
 b - a +0 scale mail (worn)
 c - a +1 shield (worn)
 m - a +0 helmet (worn)
Jewellery
 r - an uncursed amulet of the gourmand {unknown}
Scrolls
 d - a scroll of enchant weapon {unknown}
 e - a scroll of identify
 g - a scroll of magic mapping {unknown}
 h - 5 scrolls of teleportation
 j - 2 scrolls of enchant armour
 l - a scroll of immolation
 o - a scroll of remove curse
 q - a scroll of fear
Potions
 i - 2 potions of invisibility {unknown}
 k - a potion of lignification
 n - a potion of curing
 p - a potion of resistance
 s - a potion of might
Comestibles
 f - 6 rations
 t - 2 chunks of flesh


   Skills:
 - Level 3.6 Fighting
 + Level 8.3 Maces & Flails
 - Level 3.4 Armour
 - Level 3.3 Shields


You had 6 spell levels left.
You didn't know any spells.

Dungeon Overview and Level Annotations

Branches:
Dungeon (5/15)
 Temple: D:4-7

Altars:
Fedhas
Ru
Wu Jian

Shops:
D:4 %


Innate Abilities, Weirdness & Mutations

You are resistant to torment.
Your stone body is resilient. (AC +4)
You are immune to poison.
You are frail. (-10% HP)
You resist negative energy. (rN+)
You are resistant to electric shocks. (rElec)
You can survive without breathing.
You are immune to petrification.
You are immune to rotting.


Message History

The ogre shouts!
Found 24 bolts and a scroll labeled ZEOBYF OSENIH.
You see here 12 gold pieces.
You barely miss the ogre. You block the ogre's attack.
You thump the ogre!
The ogre is heavily wounded.
The ogre hits you with a giant spiked club.
You completely miss the ogre.
The ogre is heavily wounded.
You hit the ogre but do no damage.
The ogre is heavily wounded.
You block the ogre's attack.
You sock the ogre!
The ogre is almost dead.
You block the ogre's attack.
You hit the ogre.
The ogre is almost dead.
The ogre hits you with a giant spiked club!!
Ouch! That really hurt!
You die...

# # #..# ## #...# .##
#...# ##### #.# ..#
#...# #... ...? ..#
#...####.##.#(. ..#
#...#........#.#
#.#######...#.##O#.....#
#.#.............@...#
..............#....##
#......÷............#
#..#.####...#.####(#.#
...#.# #...#... .# .#
##.#.# #..)##### ## #
.....# #...# ...###
#...# #### .....


You could see an ogre.

Vanquished Creatures
  An ice beast (D:5)
  A sky beast (D:5)
  2 ogres
  A phantom (D:4)
  A howler monkey (D:4)
  A crimson imp (D:2)
  An orc wizard (D:3)
  An iguana (D:4)
  A worker ant (D:4)
  A hound skeleton (D:4)
  3 adders
  An ooze (D:3)
  An adder skeleton (D:5)
  6 worms
  2 leopard geckos
  6 orcs
  6 giant cockroaches
  6 hobgoblins
  4 kobolds
  6 quokkas
  7 bats
  5 frilled lizards
  6 goblins
  5 rats
75 creatures vanquished.

Notes
Turn   | Place    | Note
-------+----------+-------------------------------------------
     0 | D:1      | sking99 the Gargoyle Fighter began the quest for the Orb.
     0 | D:1      | Reached XP level 1. HP: 14/14 MP: 1/1
   667 | D:2      | Reached XP level 2. HP: 19/19 MP: 2/2
   924 | D:2      | Reached skill level 3 in Maces & Flails
   924 | D:2      | Reached XP level 3. HP: 22/23 MP: 3/3
  1293 | D:2      | Reached skill level 4 in Maces & Flails
  1293 | D:2      | Reached XP level 4. HP: 5/28 MP: 4/4
  1856 | D:3      | Found a sacrificial altar of Ru.
  1861 | D:3      | Became a worshipper of Ru the Awakened
  2075 | D:3      | Reached skill level 5 in Maces & Flails
  2075 | D:3      | Reached XP level 5. HP: 19/32 MP: 5/5
  2597 | D:4      | Found Morerr's Food Emporium.
  2661 | D:4      | Reached XP level 6. HP: 27/37 MP: 6/6
  2753 | D:4      | Noticed a phantom
  2783 | D:4      | Killed a phantom
  2783 | D:4      | Reached skill level 6 in Maces & Flails
  2844 | D:4      | Reached skill level 7 in Maces & Flails
  2844 | D:4      | Reached XP level 7. HP: 17/41 MP: 7/7
  3193 | D:4      | Found a blossoming altar of Fedhas.
  3329 | D:4      | Gained mutation: You are frail. (-10% HP) [Ru sacrifice]
  3329 | D:4      | Reached * piety under Ru
  3329 | D:4      | Reached ** piety under Ru
  3342 | D:5      | Entered Level 5 of the Dungeon
  3529 | D:5      | Reached skill level 8 in Maces & Flails
  3642 | D:5      | Found an ornate altar of the Wu Jian Council.
  3718 | D:5      | Slain by an ogre

Skill      XL: |  1  2  3  4  5  6  7 |
---------------+----------------------+-----
Maces & Flails | 3 4 5 7 8 |  8.3
Fighting       | |  3.6
Armour         | |  3.4
Shields        | |  3.3

Action                   |  1- 3 |  4- 6 |  7- 9 || total
-------------------------+-------+-------+-------++-------
Melee: Flail             |   138 |   191 |   103 ||   432
Invok: Sacrifice Health  |       |       |     1 ||     1
  Use: Scroll            |       |    10 |       ||    10
       Potion            |       |     2 |       ||     2
  Eat: Chunk             |     1 |     6 |       ||     7
       Ration            |       |       |     1 ||     1
Armor: Scale mail        |    62 |    84 |    48 ||   194
       Skin              |       |     6 |       ||     6
Dodge: Dodged            |    34 |    53 |    16 ||   103
Block: Shield            |    74 |    96 |    47 ||   217
